[Event "*** Titled Tuesday Blitz"]
[Site "Chess.com"]
[Date "2019.03.05"]
[Round "8"]
[White "M1711"]
[Black "PowerThinking2650"]
[Result "1/2-1/2"]
[WhiteElo "2503"]
[BlackElo "2337"]
[TimeControl "180+2"]
[EndTime "14:59:56 PST"]
[Termination "Game drawn - insufficient material"]

1. e4 e5 2. f4 exf4 3. Nc3 d6 4. d4 g5 5. Bc4 Nf6 6. Nf3 h6 7. O-O Bg7 8. g3 g4 9. Nh4 f3 10. Nxf3 gxf3 11. Qxf3 Bh3 12. Rf2 Nbd7 13. Bf4 O-O 14. g4 Bxg4 15. Qg3 Be6 16. Be2 d5 17. Bxh6 Ne8 18.
exd5 Kh7 19. Bxg7 Nxg7 20. dxe6 fxe6 21. Bd3+ Kg8 22. Qg6 Rxf2 23. Qh7+ Kf8 24. Kxf2 Nf6 25. Qh4 Kf7 26. Rf1 Qh8 27. Qf4 Re8 28. Ne4 Nh5 29.
Qf3 Ke7 30. Ke2 Rf8 31. Nc5 Nd5 32. Qe4 Rf6 33. c4 Ndf4+ 34. Kd2 Nxd3 35. Kxd3 Nf4+ 36. Kc3 Qxh2 37. Rf3 Ne2+ 38. Kb4 Rxf3 39. Qxf3 b6 40. Nb3 Nf4 41. Qc6 Kf6 42. Ka4 Qc2 43. Qxc7 Nd3 44. Qd8+ Kf5 45. Qf8+ Ke4 46. Kb5 Nxb2 47. Qa8+ Ke3 48. Qc6 a6+ 49. Kxb6 Nxc4+ 50. Kc7 Kd3 51. Nc5+ Kxd4 52. Nxe6+ Kc3 53. Nc5 Kb2 54. Qxa6 Na3 55.
Qf6+ Kxa2 56. Qc6 Kb2 57. Kb8 Ka1 58. Qf6+ Qb2+ 59. Qxb2+ Kxb2 60. Nd3+ Kc3 61. Ne5 Nc4 62. Nc6 Kb3 63. Na5+ Nxa5 1/2-1/2

[Event "*** Titled Tuesday Blitz"]
[Site "Chess.com"]
[Date "2019.03.05"]
[Round "8"]
[White "Vamostodorecto"]
[Black "Last7Samurai"]
[Result "0-1"]
[WhiteElo "2538"]
[BlackElo "2692"]
[TimeControl "180+2"]
[EndTime "14:59:59 PST"]
[Termination "Last7Samurai won by checkmate"]

1. d4 d5 2. c4 c6 3. Nf3 Nf6 4. Nc3 e6 5. e3 a6 6. Qc2 Nbd7 7. b3 Bd6 8. Bb2 O-O 9. Be2 e5 10. dxe5 Nxe5 11. Nxe5 Bxe5 12. O-O dxc4 13. bxc4 Qc7 14. f4 Bd6 15. Ne4 Nxe4 16. Qxe4 f5 17. Qd4 Qe7 18.
Rf3 Bc5 19. Qc3 Re8 20. Qe5 Qxe5 21. Bxe5 Be6 22. Rb1 b5 23. Rg3 g6 24. h4 Rad8 25.
cxb5 cxb5 26. Rc1 Rc8 27. Kh2 Be7 28. Rxc8 Rxc8 29. h5 Bf7 30. hxg6 hxg6 31. Rh3 Be6 32. Rh8+ Kf7 33. Rh7+ Ke8 34. Bf3 Bxa2 35. Bb7 Rc2 36.
Bxa6 Bc4 37. Bc8 Bd5 38. Rh8+ Bf8 39. Ba6 Bxg2 40. Kg3 Kf7 41. Bxb5 Be4 42. Rh7+ Ke6 43. Bd7+ Kd5 44. Be8 Rg2+ 45. Kh3 Rg1 46. Bxg6 Rxg6 47.
Rd7+ Kc4 48. Rd4+ Kc5 49. Rd8 Be7 50. Rc8+ Bc6 51. Bd4+ Kd5 52. Rc7 Bd6 53. Rg7 Rxg7 54. Bxg7 Bc5 55. Kg3 Ke4 56. Be5 Bxe3 57. Bb8 Bb5 58.
Be5 Be8 59. Bd6 Bh5 60. Be5 Bg4 61. Bc7 Kd5 62. Bb8 Bc5 63. Bc7 Bd6 64. Bb6 Ke4 65.
Kf2 Bxf4 66. Kf1 Kf3 67. Bd8 Be3 68. Bc7 Bf2 69. Bb8 Bh3# 0-1

[Event "*** Titled Tuesday Blitz"]
[Site "Chess.com"]
[Date "2019.03.05"]
[Round "8"]
[White "xLuring1"]
[Black "Denis_Palkovich"]
[Result "1/2-1/2"]
[WhiteElo "2405"]
[BlackElo "2250"]
[TimeControl "180+2"]
[EndTime "15:00:02 PST"]
[Termination "Game drawn by repetition"]

1. e4 c6 2. d4 d5 3. Nc3 dxe4 4. Nxe4 Nf6 5. Nxf6+ exf6 6. Nf3 Bf5 7. Bd3 Bxd3 8.
Qxd3 Bd6 9. Bd2 O-O 10. O-O Nd7 11. Rfe1 Qc7 12. Re2 Rfe8 13. Rae1 Rxe2 14. Qxe2 f5 15. Qc4 Nf6 16. h3 Ne4 17. Bc1 h6 18. Nd2 Re8 19.
Nxe4 fxe4 20. Qe2 f5 21. Qh5 Qf7 22. Qxf7+ Kxf7 23. g3 g5 24. Kg2 f4 25. c3 Kf6 26.
h4 Kf5 27. hxg5 hxg5 28. gxf4 gxf4 29. Rh1 e3 30. fxe3 fxe3 31. Kf3 e2 32. Re1 Re4 33.
Rxe2 Rxe2 34. Kxe2 Ke4 35. Bg5 c5 36. dxc5 Bxc5 37. Kd2 b5 38. Kc2 a5 39. Bd2 a4 40.
Bg5 Bd6 41. Bd8 Bc5 42. Ba5 Bd6 43. Bb6 Be7 44. Bd4 b4 45. Bh8 bxc3 46. Kxc3 Kd5 47. Bg7 Kc6 48. Kc4 Ba3 49. b3 axb3 50. axb3 Be7 51.
Bc3 Kb7 52. Bb4 Bxb4 53. Kxb4 Kb6 54. Kc4 Kc6 55. Kd4 Kb5 56. Kd3 Kb4 57. Kc2 Kb5 58. Kb1 Kb4 59. Kb2 Kb5 60. Kc3 Kc5 61. b4+ Kb5 62.
Kb3 Kb6 63. Kc4 Kc6 64. b5+ Kb6 65. Kb4 Kb7 66. Kc3 Kb6 67. Kb4 Kb7 68. Ka5 Ka7 69. b6+ Kb7 70. Kb5 Kb8 71. Kc5 Kb7 72. Kb5 Kb8 73.
Kc4 Kb7 74. Kc5 Kb8 75. Kb4 Kb7 76. Kb5 Kb8 77. Ka5 Kb7 78. Kb5 Kb8 79. Kc4 Kb7 80. Kc5 Kb8 81. Kd6 Kb7 82. Kc5 Kb8 83. Kb4 Kb7 84.
Ka5 Kb8 85. Ka6 Ka8 86. Kb5 Kb7 87. Kc5 Kb8 88. Kc4 Kb7 89. Kb5 1/2-1/2

[Event "*** Titled Tuesday Blitz"]
[Site "Chess.com"]
[Date "2019.03.05"]
[Round "8"]
[White "Jenia84"]
[Black "STAYFlow"]
[Result "1-0"]
[WhiteElo "2188"]
[BlackElo "2216"]
[TimeControl "180+2"]
[EndTime "15:00:05 PST"]
[Termination "Jenia84 won by resignation"]

1. e4 e5 2. Nf3 Nc6 3. Bb5 a6 4. Ba4 Nf6 5. d3 d6 6. c3 g6 7. h4 Bg7 8. Bg5 Bg4 9. Bxc6+ bxc6 10. Qa4 h6 11. Bxf6 Bxf6 12. Qxc6+ Bd7 13. Qc4 Bb5 14. Qd5 c6 15. Qb3 Bxd3 16. Nbd2 Rb8 17. Qa3 a5 18. c4 O-O 19. Qxd3 Rxb2 20. O-O Bxh4 21. Nxh4 Qxh4 22. Nb3 a4 23. Qc3 Re2 24. Nd2 Qf4 25. Rad1 f5 26. Qd3 Qg4 27. Qf3 Qxf3 28. gxf3 Rb8 29.
Nb1 Rxa2 30. Rxd6 Ra1 31. Nc3 Rxf1+ 32. Kxf1 a3 33. Rxg6+ Kf7 34. Rxc6 Rb3 35. Rc7+ Ke8 36. Na2 fxe4 37. fxe4 Rb2 38. Nc3 Rb3 39. Na2 Rb2 40. Nc3 Rb3 41. Nd1 a2 42. Ra7 Rb1 43. Rxa2 Rxd1+ 44. Kg2 Rd4 45. Kf3 Rxc4 46. Ra5 Rc3+ 47. Kg4 Kf7 48. Rxe5 Kg6 49. Re6+ Kf7 50. Rxh6 Rc2 51.
f4 Rg2+ 52. Kf5 Rb2 53. Rh7+ Kf8 54. Ra7 Ke8 55. e5 Rh2 56. Rg7 Kf8 57. Rc7 Ke8 58.
Ke6 Rh6+ 59. Kd5 Kd8 60. Rg7 Ke8 61. f5 Ra6 62. f6 Kf8 63. Ke4 Re6 64. Kf5 Ra6 65. Rb7 Ra5 66. Kg6 Rxe5 67. Rb8+ Re8 68. Rxe8+ Kxe8 69. Kg7 1-0

[Event "*** Titled Tuesday Blitz"]
[Site "Chess.com"]
[Date "2019.03.05"]
[Round "8"]
[White "Al_Shima"]
[Black "Babas"]
[Result "1/2-1/2"]
[WhiteElo "2442"]
[BlackElo "2271"]
[TimeControl "180+2"]
[EndTime "15:00:11 PST"]
[Termination "Game drawn by agreement"]

1. b3 e5 2. Bb2 Nc6 3. e3 a6 4. Nf3 d6 5. d4 exd4 6. Nxd4 Nxd4 7. Qxd4 Nf6 8. Nc3 Be7 9. O-O-O Be6 10. f3 Qd7 11. e4 O-O-O 12. Qa7 Qc6 13. Ne2 d5 14.
Nd4 Qb6 15. Qxb6 cxb6 16. e5 Nd7 17. f4 Nc5 18. Bd3 g6 19. Rhg1 h5 20. g3 Bg4 21.
Be2 Ne6 22. Nf3 Bc5 23. Rh1 Bh3 24. Bf1 Bxf1 25. Rhxf1 h4 26. Nxh4 Nxf4 27. Kb1 g5 28. Nf5 Ne6 29. h4 gxh4 30. gxh4 Rh5 31. Bc1 d4 32.
Bb2 Rd5 33. Rde1 Kd7 34. Rf3 Bb4 35. Re2 b5 36. a3 Bf8 37. b4 Rh7 38. Kc1 Rh5 39. Kd2 Rh7 40. Kd3 a5 41. bxa5 Bc5 42. Re4 Kc6 43. Ke2 Rh5 44. Kf1 d3 45. cxd3 Rxd3 46.
Rxd3 Rxf5+ 47. Ke1 Bf2+ 48. Kd1 Bc5 49. Bc1 Rf1+ 50.
Re1 Rf2 51. Re2 Rf1+ 52. Re1 Rf2 53. Be3 Ra2 54. Bxc5 Nxc5 55. Rc3 Kd5 56. Re2 Ra1+ 57. Kd2 Kd4 58. Rg3 Ne4+ 59. Rxe4+ Kxe4 60. Rg7 Kxe5 61. Rxf7 Rxa3 62. Rxb7 Rxa5 63. h5 Ra6 64. Rxb5+ Kf4 65. Kd3 Rh6 66. Kd4 Kg4 67. Ke4 Rxh5 68. Rb8 Rg5 69.
Rb1 Kh5 70. Kf4 Rg4+ 71. Kf5 Rg5+ 72. Kf6 Rg6+ 73. Kf7 Rg2 74. Rb4 Kg5 75. Rb5+ Kf4 1/2-1/2

[Event "*** Titled Tuesday Blitz"]
[Site "Chess.com"]
[Date "2019.03.05"]
[Round "8"]
[White "Chessmatus"]
[Black "bluejay1897"]
[Result "1-0"]
[WhiteElo "2278"]
[BlackElo "2154"]
[TimeControl "180+2"]
[EndTime "15:00:22 PST"]
[Termination "Chessmatus won by resignation"]

1. d4 Nf6 2. c4 e6 3. g3 Be7 4.
Nf3 b6 5. Bg2 Bb7 6. O-O O-O 7.
Re1 d5 8. Ne5 Nbd7 9. Nc3 c5 10.
cxd5 exd5 11. Bf4 cxd4 12. Nb5 Bc5 13. a3 Nxe5 14. Bxe5 Qe8 15. Bxf6 Qxb5 16. Bxd4 Rfe8 17. e3 Rad8 18. Rc1 Bf8 19. Qd2 Rc8 20. Bh3 Rcd8 21. Rc7 Bc8 22. Bg2 Re7 23. Rec1 Be6 24. Rxe7 Bxe7 25.
Rc7 Rd7 26. Rc1 h6 27. Qc3 Bf8 28. Bf1 Qa4 29. Bd3 Rd8 30. Qd2 Rc8 31. Rxc8 Bxc8 32.
Qc1 Be6 33. Bb1 Qc4 34. Qd1 Bh3 35. Bd3 Qc8 36. Bf1 Be6 37. Bg2 Qc6 38. Bf3 Bc5 39. Kg2 Qd7 40. Qd3 Bh3+ 41. Kg1 Bf5 42. Qc3 Bf8 43. Be5 Bh3 44. Bg2 Bg4 45. Qd2 Be6 46.
Kf1 Qb5+ 47. Ke1 Qc5 48. Qc3 Qb5 49. Bf1 Qd7 50. Qc7 Qa4 51. Qc3 Qd7 52. Be2 f6 53.
Bd4 Bf5 54. Bf1 Be4 55. Qb3 Qf5 56. Qb5 Kh7 57. Qe8 Bc5 58. Bxc5 bxc5 59. Qb5 d4 60.
exd4 cxd4 61. Qxf5+ Bxf5 62. Kd2 Kg6 63. b4 Kf7 64. Bd3 Ke6 65. Bxf5+ Kxf5 66. Kd3 Ke5 67. a4 Kd5 68. b5 Kc5 69. f3 f5 70. f4 g5 71. h3 gxf4 72. gxf4 Kd5 73. a5 Kc5 74. b6 axb6 75. axb6 Kxb6 76. Kxd4 Kc6 77. Ke5 1-0

[Event "*** Titled Tuesday Blitz"]
[Site "Chess.com"]
[Date "2019.03.05"]
[Round "8"]
[White "HrvojeZagreb"]
[Black "saraswathii"]
[Result "1/2-1/2"]
[WhiteElo "2122"]
[BlackElo "2267"]
[TimeControl "180+2"]
[EndTime "15:00:27 PST"]
[Termination "Game drawn by stalemate"]

1. d4 Nf6 2. Bf4 d6 3. Nc3 g6 4. e4 Bg7 5. Qd2 O-O 6. O-O-O Nfd7 7. Bh6 e5 8. dxe5 Nxe5 9. h3 Be6 10. Bxg7 Kxg7 11.
f4 Nec6 12. g4 f5 13. gxf5 gxf5 14. Nge2 Nd7 15. Rg1+ Kh8 16. Ng3 fxe4 17. Ngxe4 Qh4 18. Ng5 Rae8 19. Nxe6 Rxe6 20. Rg4 Qh6 21. Bb5 Nf6 22. Bxc6 Nxg4 23. hxg4 bxc6 24. g5 Qg7 25. Rh1 Kg8 26. Ne2 Qe7 27. Nd4 Re4 28. f5 c5 29. f6 Qf7 30. Nb3 Qe6 31. Kb1 Re8 32. Nc1 c4 33. Qh2 Qf7 34. g6 Qxg6 35. Rg1 Rg4 36. f7+ Kxf7 37.
Rxg4 Qxg4 38. Qxh7+ Qg7 39. Qh5+ Qg6 40. Qd5+ Qe6 41. Qc6 Re7 42. a4 d5 43. Qc5 c6 44.
a5 Rb7 45. Qf2+ Ke8 46. Qh4 Qe5 47. c3 Qxc3 48. Qh5+ Kd8 49. Qg5+ Kd7 50. Qf5+ Kd6 51. Qf8+ Ke6 52. Qc8+ Kd6 53. Qxb7 Qxa5 54. Qb8+ Kc5 55. Qf8+ Kb5 56. Qb8+ Kc5 57. Qf8+ Kb5 58. Qd6 c3 59.
Qb8+ Qb6 60. Qxb6+ axb6 61. bxc3 Kc4 62. Kc2 d4 63. cxd4 Kxd4 64. Nb3+ Kc4 65. Kb2 b5 66. Nd2+ Kb4 67. Nb3 c5 68. Nxc5 Kxc5 69. Kc3 b4+ 70.
Kb3 Kb5 71. Kb2 Kc4 72. Kc2 b3+ 73. Kb2 Kb4 74. Kb1 Kc3 75. Kc1 b2+ 76. Kb1 Kb3 1/2-1/2

[Event "*** Titled Tuesday Blitz"]
[Site "Chess.com"]
[Date "2019.03.05"]
[Round "8"]
[White "aa175"]
[Black "r31415"]
[Result "0-1"]
[WhiteElo "1849"]
[BlackElo "2325"]
[TimeControl "180+2"]
[EndTime "15:00:32 PST"]
[Termination "r31415 won by checkmate"]

1. e4 e5 2. Nf3 Nc6 3. Bc4 Bc5 4. d3 Nf6 5. O-O d6 6. Nc3 O-O 7. Be3 Nd4 8. Kh1 Bg4 9. Nd5 Nxd5 10. Bxd5 c6 11.
Bb3 Nxb3 12. axb3 Qf6 13. h3 Bxf3 14. Qxf3 Qxf3 15. gxf3 a5 16. Ra2 b6 17. Bxc5 dxc5 18.
Rg1 Rae8 19. Raa1 f5 20. Rg2 Re6 21. Rag1 g6 22. Kh2 Ref6 23. Rf1 Kf7 24. Kg3 Ke6 25.
Kh2 Kd6 26. Kg3 Kc7 27. Rgg1 Kb7 28. h4 h6 29. Rg2 g5 30. hxg5 hxg5 31. Kh2 Rh8+ 32.
Kg1 g4 33. fxg4 Rfh6 34. f3 f4 35. Kf2 Kc7 36. g5 Rg6 37. Rfg1 Rh5 38. Rg4 Kb7 39. R4g2 Ka6 40. Ke2 Kb5 41. Kd2 Kb4 42. Kc1 Rh3 43.
Rf2 Rg3 44. Rxg3 fxg3 45. Rg2 Rxg5 46. Kb1 b5 47. Ka2 c4 48. dxc4 bxc4 49. c3+ Kc5 50. Ka3 Rg8 51. Ka4 Rg7 52. Ka3 Rg8 53. Ka4 cxb3 54. Kxb3 Kb5 55. c4+ Kc5 56. Kc3 a4 57. b3 axb3 58. Kxb3 Kd4 59. Kb4 Ke3 60. Kc5 Kxf3 61.
Rg1 Kf2 62. Kxc6 g2 63. Rd1 g1=Q 64. Rxg1 Kxg1 65. Kd5 Re8 66. c5 Kf2 67. Kd6 Ke3 68.
Kd7 Rh8 69. c6 Kxe4 70. Ke7 Kd4 71. Kd6 e4 72. c7 e3 73. Ke7 Rh7+ 74. Kd8 Rxc7 75.
Ke8 e2 76. Kd8 e1=Q 77. Kxc7 Kc5 78. Kd7 Qe5 79. Kc8 Qg7 80. Kd8 Kd6 81. Ke8 Qe7# 0-1

[Event "*** Titled Tuesday Blitz"]
[Site "Chess.com"]
[Date "2019.03.05"]
[Round "8"]
[White "GataKamsky1974"]
[Black "GeorgMeier"]
[Result "1/2-1/2"]
[WhiteElo "2845"]
[BlackElo "2834"]
[TimeControl "180+2"]
[EndTime "15:00:55 PST"]
[Termination "Game drawn by agreement"]

1. d4 Nf6 2. Nf3 e6 3. Bg5 d5 4. e3 c5 5. Nbd2 Nbd7 6. c3 Bd6 7. Bd3 h6 8. Bh4 O-O 9. O-O b6 10. e4 dxe4 11. Nxe4 Be7 12. Nxf6+ Nxf6 13. Ne5 Bb7 14. dxc5 Qd5 15. c6 Bxc6 16. Nxc6 Qxc6 17. Qe2 Rad8 18. Rfd1 Qc7 19. Bc2 Nd5 20. Qe4 g6 21. Bg3 Bd6 22. Rd4 Bxg3 23. hxg3 Nf6 24. Qe3 Rxd4 25. Qxd4 e5 26. Qd2 Kg7 27. Rd1 Re8 28. Qd6 Qxd6 29. Rxd6 h5 30. f3 Re7 31. Kf2 e4 32. c4 exf3 33. gxf3 Ne8 34. Rd8 Nc7 35. b4 Ne6 36.
Rd5 Kf6 37. f4 Rc7 38. Bd3 Ng7 39. Kf3 Ke7 40. g4 hxg4+ 41. Kxg4 Ne8 42. Kf3 Nf6 43. Re5+ Kd6 44. a3 Nd7 45. Rd5+ Ke7 46. Ke3 Rc8 47. Kd4 Rh8 48. c5 bxc5+ 49. bxc5 Rh4 50. Bb5 Nf6 51.
Re5+ Kd8 52. Bc6 Rxf4+ 53. Kc3 Rf5 54. Rxf5 gxf5 55. Kd4 f4 56. Ke5 Nd7+ 57. Kd6 Nf8 58. Bf3 Ne6 59. c6 Nc7 60. Ke5 Ne6 61. Kd6 Nc7 62. Ke5 Ke7 63. Kxf4 Kd6 64. Kf5 Nb5 65.
Kf6 Nxa3 66. Kxf7 a5 67. Kf6 Nb5 68. Bd1 Nc3 69. Bc2 Kxc6 70. Ke5 Kc5 71. Bb3 Ne2 72.
Ke4 Kb4 73. Bf7 Kc3 74. Ke3 Nc1 75. Be8 Nb3 76. Ke2 Kc2 77. Ba4 Kb2 78. Kd1 Nd4 79.
Bd7 Nc2 80. Ba4 Na3 81. Bd7 Nc4 82. Be8 1/2-1/2

[Event "*** Titled Tuesday Blitz"]
[Site "Chess.com"]
[Date "2019.03.05"]
[Round "8"]
[White "GianmarcoVaR"]
[Black "Tiqr777"]
[Result "1/2-1/2"]
[WhiteElo "2499"]
[BlackElo "2486"]
[TimeControl "180+2"]
[EndTime "15:01:01 PST"]
[Termination "Game drawn by repetition"]

1. d4 Nf6 2. c4 c5 3. d5 e6 4. Nc3 exd5 5. cxd5 d6 6. e4 g6 7. Nf3 Bg7 8. Nd2 O-O 9. Be2 Re8 10. O-O Nbd7 11.
Nc4 Nb6 12. Nd2 Bd7 13. a4 a6 14.
Re1 Nc8 15. a5 b5 16. axb6 Nxb6 17. Rxa6 Rxa6 18. Bxa6 Qa8 19. Bb5 Qa5 20. Bxd7 Nfxd7 21. Qb3 Ne5 22. Qc2 Qa6 23. Nf3 Nxf3+ 24. gxf3 Qc8 25. Bf4 Be5 26. Bg3 h5 27. f4 Bg7 28. e5 h4 29. Bxh4 dxe5 30. fxe5 Bxe5 31. Bg3 Bxc3 32. Rxe8+ Qxe8 33. Qxc3 Nxd5 34. Qxc5 Qe1+ 35. Kg2 Qe4+ 36. f3 Qe2+ 37. Qf2 Ne3+ 38. Kg1 Qd1+ 39. Qe1 Qxf3 40.
Qf2 Qe4 41. Qe2 Qb1+ 42. Kf2 Nd1+ 43. Kf3 Qf5+ 44. Kg2 Qd5+ 45. Kg1 Qd4+ 46. Bf2 Qd5 47. Bg3 Kh7 48. Be5 Qc5+ 49. Kg2 Ne3+ 50. Kf3 Qxe5 51. Qxe3 Qxb2 52. Qf4 Qb3+ 53. Kg2 Qd5+ 54. Kg3 g5 55. Qf6 Kg8 56. Kg4 Qg2+ 57. Kf5 Qh3+ 58. Kxg5 Qxh2 59. Qd8+ Kh7 60. Qd3+ Kg8 61. Qd8+ Kh7 62. Qd3+ Kg7 63. Qd4+ Kh7 64. Qd3+ Kh8 65. Qd8+ Kh7 66. Qd3+ Kg7 67. Qd4+ Kf8 68. Qd8+ Kg7 69. Qf6+ Kf8 70. Qd8+ Kg7 71. Qf6+ Kg8 72. Qd8+ Kh7 73. Qd3+ 1/2-1/2

[Event "*** Titled Tuesday Blitz"]
[Site "Chess.com"]
[Date "2019.03.05"]
[Round "8"]
[White "731291"]
[Black "Jbd735"]
[Result "1/2-1/2"]
[WhiteElo "2662"]
[BlackElo "2462"]
[TimeControl "180+2"]
[EndTime "15:01:17 PST"]
[Termination "Game drawn by repetition"]

1. e4 e5 2. Nf3 Nc6 3. Nc3 Nf6 4.
d4 exd4 5. Nxd4 Bb4 6. Nxc6 bxc6 7. Bd3 d5 8. exd5 cxd5 9. O-O O-O 10. h3 h6 11. Qf3 c6 12. Ne2 Re8 13. Bf4 Bd6 14.
Rad1 Rb8 15. b3 Bxf4 16. Nxf4 Qe7 17. c4 Bb7 18. Nh5 Ne4 19. Bxe4 Qxe4 20. Qxe4 Rxe4 21. Ng3 Re6 22. cxd5 cxd5 23. Nf5 Rc8 24. Rd2 Kf8 25.
f3 h5 26. h4 g6 27. Nd4 Re7 28. Kf2 a6 29. Re1 Rxe1 30. Kxe1 Rc1+ 31. Rd1 Rc7 32. Kd2 Ke7 33. Rc1 Rxc1 34. Kxc1 Kd6 35. Kd2 f6 36. b4 Bc8 37. g3 Bd7 38. Ke3 Ke5 39.
f4+ Kd6 40. Nb3 Bb5 41. Kd4 Bc4 42. Nc5 Bxa2 43. Nxa6 Bc4 44. Nc5 Bb5 45. Nb3 Bc4 46. Nd2 Bb5 47. Nf3 Bd7 48. Ne1 Bb5 49. Nc2 Bd7 50. Ne3 Bc6 51. Nd1 Bd7 52. Nc3 Bc6 53. b5 Ba8 54. Na4 Ke6 55. Nc5+ Kf5 56. Ke3 Kg4 57. Kf2 d4 58. b6 g5 59. hxg5 fxg5 60.
fxg5 Kxg5 61. Ne6+ Kg4 62. Nxd4 h4 63. gxh4 Kxh4 64.
Ke3 Kg5 65. Nb5 Kf6 66. Kd4 Ke7 67. Kc5 Kd7 68. Na7 Bh1 69. Kb5 Bb7 70. Ka5 Kd6 71.
Kb5 Kd7 72. Kc5 Bg2 73. Nb5 Kc8 74. Nc3 Kb8 75. Ne2 Kb7 76. Nd4 Bh1 77. Nb5 Bg2 78. Nd6+ Kb8 79. Kb5 Bf1+ 80. Kc6 Bg2+ 81. Kd7 Bh3+ 82.
Kd8 Bg4 83. Ke7 Bh3 84. Kf6 Bg2 85. Ke5 Bh3 86. Kd4 Bg2 87. Kc5 Bf3 88. Nc4 Kb7 89.
Ne5 Bg2 90. Nf7 Kb8 91. Nd6 Bf3 92. Nf5 Bg2 93. Nd4 Bh1 94. Ne2 Bf3 95. Nf4 Be4 96.
Kb5 Bf3 97. Ka6 Be4 98. Ka5 Bf3 99. Kb5 Be4 100. Ka6 Bb7+ 101. Kb5 Bf3 102. Ne6 Be2+ 103. Kc5 Bf3 104. Nd4 Bg2 105. Nc6+ Bxc6 106. Kxc6 Kc8 107. Kb5 Kb7 108. Kc5 Kb8 109. Kc6 Kc8 110. Kd6 Kb7 111. Kc5 Kb8 112. Kb5 Kb7 113. Ka5 Kb8 114. Ka6 Ka8 115. Kb5 Kb7 116. Kc5 Kb8 117. Kb4 Kb7 118. Ka5 Kb8 119. Kb5 Kb7 120. Kc5 Kb8 121. Kc6 Kc8 122. Kd6 Kb7 123. Kc5 1/2-1/2

[Event "*** Titled Tuesday Blitz"]
[Site "Chess.com"]
[Date "2019.03.05"]
[Round "8"]
[White "Barcelona_Guy"]
[Black "DanielMieles1985"]
[Result "0-1"]
[WhiteElo "2718"]
[BlackElo "2676"]
[TimeControl "180+2"]
[EndTime "15:02:44 PST"]
[Termination "DanielMieles1985 won by resignation"]

1. e4 e5 2. Nf3 Nc6 3. Bb5 a6 4. Ba4 Nf6 5. O-O Be7 6. d3 b5 7. Bb3 d6 8. a4 b4 9. a5 O-O 10. Nbd2 Rb8 11. h3 h6 12. Re1 Be6 13. Bxe6 fxe6 14.
Nc4 Qd7 15. Be3 Rb5 16. c3 Rfb8 17. Qa4 Bf8 18. Rad1 Qe8 19. Bc1 bxc3 20. bxc3 Nd8 21. Qa2 Kh8 22. d4 exd4 23. cxd4 Qg6 24. Qe2 Rb3 25.
d5 e5 26. Nh4 Qh5 27. Qxh5 Nxh5 28. g4 Nf6 29. Kg2 R8b4 30. Nd2 Rd3 31. f3 Nb7 32. Nf1 Rxd1 33. Rxd1 Nxa5 34. Kg3 Nc4 35. g5 hxg5 36. Bxg5 Nd7 37. Nd2 a5 38. Nxc4 Rxc4 39. Rb1 Rb4 40. Rc1 Nc5 41. Be3 Kg8 42. Ng6 Rb5 43. Bxc5 Rxc5 44.
Rb1 Kf7 45. Nh8+ Kg8 46. Ng6 Kf7 47. Nh8+ Kf6 48. Kh4 a4 49. Rb8 Be7 50. Ra8 g6 51. Kg4 Kg7 52. h4 a3 53. h5 gxh5+ 54. Kxh5 a2 55.
Ng6 Rc1 56. Nxe7 a1=Q 57. Nf5+ Kf7 58. Rxa1 Rxa1 59. Nh6+ Kf6 60. Ng4+ Ke7 61. Kh4 Ra8 62. Kg3 Rc8 63. Ne3 Rg8+ 64. Kf2 Kf6 65. Nc2 Rb8 66.
Kg3 Kg5 67. Ne1 Rb3 68. Ng2 Rc3 69. Nh4 Rc1 70. Nf5 Kf6 71. Ne3 Ke7 72. Nf5+ Kd7 73. Ne3 Ra1 74. Nc2 Ra4 75. Ne3 Kc8 76. Nf5 Kb7 77.
Ne7 Ra8 78. Kf2 Kb6 79. Nf5 Ra3 80. Ng7 Rc3 81. Ne6 Kb5 82. Kg3 Kb4 83. Kg4 Kb3 84.
f4 exf4 85. Kxf4 Kb4 86. Nd4 Kc5 87. Ne6+ Kb6 88. Nd4 Rc1 89. Ne6 Rf1+ 90. Ke3 Rf6 91. Kd4 c5+ 92. Kc4 Rf1 93. Kc3 Re1 94. Kd3 Kb5 95. Ng5 c4+ 96. Kd2 Ra1 97. Ne6 Kb4 98.
Kc2 Ra2+ 99. Kd1 0-1

[Event "*** Titled Tuesday Blitz"]
[Site "Chess.com"]
[Date "2019.03.05"]
[Round "8"]
[White "GMKrikor"]
[Black "GrandGlacier"]
[Result "1/2-1/2"]
[WhiteElo "2706"]
[BlackElo "2179"]
[TimeControl "180+2"]
[EndTime "15:02:44 PST"]
[Termination "Game drawn - insufficient material"]

1. Nf3 Nf6 2. c4 g6 3. b3 Bg7 4. Bb2 O-O 5. g3 d5 6. Bg2 c5 7.
cxd5 Nxd5 8. Bxg7 Kxg7 9. O-O Nc6 10. d4 cxd4 11. Nxd4 Nxd4 12. Qxd4+ Nf6 13. Qb2 Qb6 14. Nd2 Be6 15. Ne4 Rfd8 16. Rfd1 Rxd1+ 17. Rxd1 Rd8 18. Rc1 Qd4 19. Qxd4 Rxd4 20. Nc5 Rd2 21. Nxe6+ fxe6 22. Bf3 Rxa2 23. Rc7 Kf7 24. Rxb7 a5 25. e3 Nd5 26. h4 Nb4 27. Be4 Rb2 28. Rb5 Rxb3 29. Rxa5 Rb2 30.
h5 Kf6 31. hxg6 hxg6 32. Rb5 g5 33. Kg2 e5 34. g4 e6 35. Kg3 Rb3 36. Rb8 Rb2 37.
Rg8 Nd5 38. Rg6+ Kf7 39. Rxg5 Kf6 40. Rg6+ Kf7 41. Rh6 Nc3 42. Bf3 e4 43. Bg2 Ne2+ 44.
Kh4 Nc3 45. Kg3 Ne2+ 46. Kh2 Nc3 47. Kg1 Ne2+ 48. Kf1 Nc3 49. Bh1 Rb1+ 50. Kg2 Nd1 51. Rh2 Rb2 52. Kg3 Nc3 53. g5 Kg6 54. Kg4 Nd1 55. Bxe4+ Kf7 56. Kg3 Nc3 57. Bf3 Kg6 58. Rh6+ Kxg5 59. Rxe6 Kf5 60. Rc6 Nb1 61. Rc5+ Ke6 62.
Bg4+ Kd6 63. Rc1 Nd2 64. f3 Kd5 65. Kf4 Rb4+ 66. Kf5 Nc4 67. Rd1+ Kc5 68. Re1 Rb3 69. Kf4 Kd6 70. Bf5 Ke7 71. Be4 Nd6 72. Bd5 Rb4+ 73. e4 Nb5 74. Rh1 Nd4 75. Rh7+ Kd6 76. Rh6+ Kc5 77.
Rh3 Ra4 78. Ke5 Ra3 79. Kf4 Ne2+ 80. Kg4 Nd4 81. f4 Ra7 82. f5 Kd6 83. Kf4 Ne2+ 84. Ke3 Ra3+ 85. Kxe2 Rxh3 86. Kf2 Ke5 87. Kg2 Rc3 88.
Kf2 Ra3 89. Ke2 Rc3 90. Kd2 Rg3 91. Kc2 Rh3 92. Kd2 Kd4 93. f6 Rf3 94. f7 Rf2+ 95.
Ke1 Rxf7 96. Bxf7 Kxe4 1/2-1/2

[Event "*** Titled Tuesday Blitz"]
[Site "Chess.com"]
[Date "2019.03.05"]
[Round "8"]
[White "RiskyDecision"]
[Black "nikitakhoroshev"]
[Result "1/2-1/2"]
[WhiteElo "2436"]
[BlackElo "2605"]
[TimeControl "180+2"]
[EndTime "15:04:40 PST"]
[Termination "Game drawn by repetition"]

1. d4 Nf6 2. c4 e6 3. g3 d5 4. Nf3 Be7 5. Bg2 O-O 6. O-O b6 7. Qc2 Bb7 8. b3 Nbd7 9. Bb2 Rc8 10. cxd5 exd5 11. Nc3 c5 12. Rac1 a6 13. Rfd1 Qc7 14. dxc5 bxc5 15. Nh4 d4 16. Nf5 Nb6 17. Ne4 Nxe4 18.
Bxe4 g6 19. Nxe7+ Qxe7 20. Bxb7 Qxb7 21. e3 dxe3 22. fxe3 Qe7 23. Qc3 f6 24. Rf1 Nd5 25. Qc4 Qxe3+ 26. Kh1 Qe6 27. Rcd1 Rcd8 28. Rfe1 Qc6 29.
Kg1 Kg7 30. Rc1 Rfe8 31. Rxe8 Qxe8 32. Qxc5 Qe6 33. Rd1 Rd7 34. Qf2 Nb6 35. Rxd7+ Nxd7 36. Qd4 Kf7 37. Qc4 Qxc4 38. bxc4 Ke6 39. Kg2 Nb6 40.
c5 Na4 41. Bd4 f5 42. Kf3 Kd5 43. Be3 Nxc5 44. g4 fxg4+ 45. Kxg4 Ne4 46. h4 Kc4 47. h5 gxh5+ 48. Kxh5 Nc3 49. Bb6 Nxa2 50. Kh6 Kb5 51. Bd8 Nb4 52. Kxh7 Nc6 53. Bc7 Nd4 54. Kg6 Ne6 55. Bd6 a5 56. Kf5 Nd8 57. Ke4 Nc6 58. Kd3 a4 59. Kc2 Nd4+ 60. Kb2 Nb3 61. Ka3 Nd2 62. Bf8 Nc4+ 63. Ka2 Ne5 64. Be7 Nd3 65. Bf8 Ne1 66. Be7 Nf3 67. Bf8 Nd4 68. Be7 Ne6 69.
Bd6 Kc6 70. Ka3 Kb5 71. Ka2 Nd4 72. Bf8 Nc6 73. Bd6 Na5 74. Bf8 Nc4 75. Be7 Ne3 76.
Bf8 Nd5 77. Bd6 Nc3+ 78. Kb2 Ne4 79. Bf8 Nd2 80. Ka2 Nc4 81. Be7 Ne5 82. Bf8 Nd7 83. Be7 Nb6 84. Bf8 Nd5 85. Bd6 Nc3+ 86. Kb2 Kc4 87. Bf8 Nb5 88. Ka2 Kc3 89. Be7 Kc2 90.
Bf8 Kd3 91. Be7 Kc4 92. Bf8 Nc3+ 93. Ka3 Kb5 94. Be7 Nb1+ 95. Ka2 Nd2 96. Bf8 Ne4 97. Be7 Nc3+ 98. Kb2 Nd5 99. Bf8 Nb6 100. Ka2 Nd7 101. Be7 Ne5 102. Bf8 Nc6 103. Kb2 Kc4 104. Ka2 Kb5 105. Kb2 Nd4 106. Ka2 Nb3 107. Be7 Nc1+ 108. Ka3 Nd3 109. Ka2 Ne5 110. Bf8 Nc6 111. Kb2 Na5 112. Ka2 Nc4 113.
Be7 Nb6 114. Bf8 Nd5 115. Kb2 Nf6 116. Ka2 Nd7 117. Be7 Nb6 118. Bf8 Nc8 119. Kb2 Na7 120. Ka2 Nc6 1/2-1/2

[Event "*** Titled Tuesday Blitz"]
[Site "Chess.com"]
[Date "2019.03.05"]
[Round "9"]
[White "XiaoKangZhong"]
[Black "SimonKnightRivendell"]
[Result "1-0"]
[WhiteElo "2098"]
[BlackElo "1986"]
[TimeControl "180+2"]
[EndTime "15:06:47 PST"]
[Termination "XiaoKangZhong won by resignation"]

1. e4 c6 2. Ne2 d5 3. e5 c5 4. c3 Nc6 5. d4 Bf5 6. Ng3 Bxb1 7. Rxb1 cxd4 8. cxd4 Qa5+ 9. Bd2 Qxa2 10. Bc3 e6 11. Ra1 Qxa1 12. Qxa1 Nh6 13. Bb5 Be7 14. Bxc6+ bxc6 15. Qa4 O-O 16. Qxc6 Rfc8 17. Qa4 Nf5 18. Nxf5 exf5 19.
O-O 1-0

[Event "*** Titled Tuesday Blitz"]
[Site "Chess.com"]
[Date "2019.03.05"]
[Round "9"]
[White "Nancy11111"]
[Black "j2806"]
[Result "1-0"]
[WhiteElo "2274"]
[BlackElo "1790"]
[TimeControl "180+2"]
[EndTime "15:07:00 PST"]
[Termination "Nancy11111 won by resignation"]

1. e4 c5 2. Nc3 Nc6 3. f4 g6 4. Nf3 Bg7 5. Bb5 Nd4 6. Bc4 e6 7. e5 Ne7 8. Ne4 Nxf3+ 9. Qxf3 Nf5 10. O-O d5 11. exd6 Nxd6 12. Nxd6+ Qxd6 13. Bb5+ Bd7 14. Qxb7 Qd5 15. Bxd7+ 1-0

[Event "*** Titled Tuesday Blitz"]
[Site "Chess.com"]
[Date "2019.03.05"]
[Round "9"]
[White "Witaliss"]
[Black "Romn69"]
[Result "1-0"]
[WhiteElo "2395"]
[BlackElo "2213"]
[TimeControl "180+2"]
[EndTime "15:07:22 PST"]
[Termination "Witaliss won by resignation"]

1. d4 Nf6 2. c4 e6 3. Nf3 d5 4. Nc3 c6 5. Qb3 dxc4 6. Qxc4 b5 7. Qb3 a6 8. Bg5 Be7 9. Rc1 Nbd7 10. e3 c5 11. Be2 O-O 12. O-O Bb7 13. Rfd1 Qb6 14.
Ne5 Nxe5 15. dxe5 Nd5 16. Nxd5 Bxd5 17. Rxd5 exd5 18. Bxe7 Rfc8 19. Qxd5 1-0